 Dungeon Crawl Stone Soup version 0.26-a0-651-gb41185065b (webtiles) character file.

Game seed: 17469475910237522766

254 Irenicus the Digger (level 5, -10/42 HPs)
             Began as a Deep Dwarf Earth Elementalist on Oct 6, 2020.
             Mangled by an orc warrior
             ... wielding a +0 morningstar
              (16 damage)
             ... on level 4 of the Dungeon.
             The game lasted 00:07:46 (1316 turns).

Irenicus the Digger (Deep Dwarf Earth Elementalist) Turns: 1316, Time: 00:07:47

Health: -10/42     AC:  5    Str: 12    XL:     5   Next: 91%
Magic:  9/9        EV: 11    Int: 16    God:
Gold:   160        SH:  0    Dex: 13    Spells: 7/10 levels left

rFire    . . .     SeeInvis .   a - +0 dagger
rCold    + . .     Faith    .   (no shield)
rNeg     . . .     Spirit   .   o - +0 ring mail
rPois    .         Reflect  .   (no helmet)
rElec    .         Harm     .   (no cloak)
rCorr    .         Rampage  .   (no gloves)
MR       .....                  (no boots)
Stlth    +.........             (no amulet)
HPRegen  0.00/turn              n - ring of protection from cold {rC+, !d}
MPRegen  0.11/turn              (no ring)

@: flying, very slightly contaminated, non-regenerating
A: damage resistance, heal wounds, sense surroundings 1, no regeneration
a: Heal Wounds


You were on level 4 of the Dungeon.
You visited 1 branch of the dungeon, and saw 4 of its levels.

You collected 160 gold pieces.

Inventory:

Hand Weapons
 a - a +0 dagger (weapon)
   (You found it on level 1 of the Dungeon)
Missiles
 b - 12 stones (quivered)
Armour
 i - a +0 leather armour
   (You found it on level 2 of the Dungeon)
 o - a +0 ring mail (worn)
   (You took it off an orc on level 3 of the Dungeon)
Jewellery
 n - a ring of protection from cold (left hand) {rC+, !d}
   (You found it on level 3 of the Dungeon)
Scrolls
 d - 5 scrolls of remove curse {unknown}
 f - 3 scrolls of fog {unknown}
 g - a scroll of enchant armour {unknown}
 h - 3 scrolls of enchant weapon {unknown}
 l - a scroll of teleportation {unknown}
 m - a scroll of identify {unknown}
 q - a scroll of amnesia {unknown}
 r - 2 scrolls of fear {unknown}
Potions
 c - a potion of flight
 e - a potion of cancellation {unknown}
 j - a potion of mutation {unknown}
 p - a potion of curing {unknown}


   Skills:
 - Level 2.1 Dodging
 - Level 2.4 Stealth
 - Level 3.0 Spellcasting
 - Level 0.8 Transmutations
 + Level 7.9 Earth Magic


You had 7 spell levels left.
You knew the following spells:

 Your Spells              Type           Power        Failure   Level
a - Sandblast             Erth           ####..       1%          1
w - Passwall              Tmut/Erth      ###.....     11%         2

Your spell library contained the following spells:

 Spells                   Type           Power        Failure   Level
 Stone Arrow              Conj/Erth      ###...       26%         3
 Lee's Rapid Deconstruct  Erth           ####......   41%         5
 Petrify                  Tmut/Erth      ###.....     56%         4


Dungeon Overview and Level Annotations

Branches:
Dungeon (4/15)
 Temple: D:4-7

Altars:
Dithmenos


Innate Abilities, Weirdness & Mutations

You are resistant to damage.
You can heal yourself by infusing magical energy.
You passively map a small area around you.
You do not regenerate.


Message History

Press: ? - help, Shift-Dir - straight line, f/p - orc
Aim: an orc, wielding a +0 flail and wearing a +0 chain mail (moderately wounded)
The blast of sand hits the orc but does no damage.
The orc is moderately wounded.
b - 16 stones The jackal skeleton bites you but does no damage.
The orc warrior barely misses you.
You now have 4/9 mp.
Casting: Sandblast (safe; 1% risk of failure)
Confirm with . or Enter, or press ? or * to list all spells.
Aiming: Sandblast (safe; 1% risk of failure)
Press: ? - help, Shift-Dir - straight line, f/p - orc
Aim: an orc, wielding a +0 flail and wearing a +0 chain mail (moderately wounded)
The blast of sand hits the orc but does no damage.
The orc is moderately wounded.
b - 15 stones The orc hits you but does no damage.
The jackal skeleton bites you but does no damage.
You now have 3/9 mp.
Casting: Sandblast (safe; 1% risk of failure)
Confirm with . or Enter, or press ? or * to list all spells.
Aiming: Sandblast (safe; 1% risk of failure)
Press: ? - help, Shift-Dir - straight line, f/p - orc
Aim: an orc, wielding a +0 flail and wearing a +0 chain mail (moderately wounded)
The blast of sand hits the orc but does no damage.
The orc is moderately wounded.
b - 14 stones The jackal skeleton barely misses you.
The orc warrior barely misses you. The orc closely misses you.
The jackal skeleton closely misses you.
You now have 2/9 mp.
Casting: Sandblast (safe; 1% risk of failure)
Confirm with . or Enter, or press ? or * to list all spells.
Aiming: Sandblast (safe; 1% risk of failure)
Press: ? - help, Shift-Dir - straight line, f/p - orc
Aim: an orc, wielding a +0 flail and wearing a +0 chain mail (moderately wounded)
The blast of sand hits the orc!
You kill the orc!
b - 13 stones The orc warrior closely misses you.
The jackal skeleton misses you.
You now have 1/9 mp.
Casting: Sandblast (safe; 1% risk of failure)
Confirm with . or Enter, or press ? or * to list all spells.
Aiming: Sandblast (safe; 1% risk of failure)
Press: ? - help, Shift-Dir - straight line, f - orc warrior
Aim: an orc warrior, wielding a +0 morningstar and wearing a +0 chain mail The blast of sand hits the orc warrior!
The orc warrior is moderately wounded.
b - 12 stones The jackal skeleton bites you but does no damage.
The orc warrior hits you with a +0 morningstar!!
You hear a shout!
You take 17 damage, and have 16/42 hp.
MASSIVE DAMAGE!!
Casting: Sandblast (safe; 1% risk of failure)
Confirm with . or Enter, or press ? or * to list all spells.
Press: ? - help, Shift-Dir - straight line, f - jackal skeleton, p - orc warrior
Aim: a jackal skeleton You miscast Sandblast.
You are very lightly contaminated with residual magic.
Nothing appears to happen.
You hear a shout! x3
The jackal skeleton bites you. The orc warrior closely misses you.
An orc comes into view. It is wielding a +0 trident.
You now have 0/9 mp.
Casting: Sandblast (safe; 1% risk of failure)
Confirm with . or Enter, or press ? or * to list all spells.
You don't have enough magic to cast that spell.
Unknown command.
You aren't carrying any items that you can evoke.
It was a potion of flight.
You feel very buoyant.
You fly up into the air.
The jackal skeleton bites you but does no damage.
The orc warrior hits you with a +0 morningstar!
* * * LOW HITPOINT WARNING * * *
You take 7 damage, and have 9/42 hp.
It was a potion of ambrosia.
You are confused.
You feel invigorated. The jackal skeleton bites you.
An orc comes into view. It is wielding a +0 hand axe.
The jackal skeleton closely misses you.
You regained 4 hp, and now have 13/42 hp.
You regained 3 mp, and now have 3/9 mp.
You closely miss the orc warrior.
The orc warrior is moderately wounded.
The orc warrior hits you but does no damage.
The jackal skeleton misses you.
You regained 5 hp, and now have 18/42 hp.
You regained 3 mp, and now have 6/9 mp.
You bump into the stone wall.
You feel less invigorated.
You feel less confused.
The orc warrior hits you with a +0 morningstar!
* * * LOW HITPOINT WARNING * * *
The jackal skeleton bites you but does no damage.
You take 12 damage, and have 6/42 hp.
MASSIVE DAMAGE!!
MP restored: 9 You closely miss the orc warrior.
The orc warrior is moderately wounded.
The jackal skeleton bites you but does no damage.
The orc warrior hits you with a +0 morningstar!!
You die...

##########
#........# ,
#........# ,
#........# ,
#........#..
,,
#..)........
*
#)oZo.......
*
#.@#........
#..#.Z......
,,
#####.......
_ ......! ,
** #...... *
....(. , *
#..... , , ,
, *


You could see an orc warrior, an orc and a jackal skeleton.

Vanquished Creatures
  An ogre (D:3)
  A jelly (D:3)
  Jessica (D:2)
  7 adders
  2 dart slugs
  2 leopard geckos (D:2)
  5 orcs
  2 giant cockroaches (D:3)
  11 goblins
  2 hobgoblins
  2 quokkas
  2 ball pythons (D:3)
  4 bats
  3 frilled lizards
  3 kobolds
  3 rats (D:3)
51 creatures vanquished.

Notes
Turn   | Place    | Note
-------+----------+-------------------------------------------
     0 | D:1      | Irenicus the Deep Dwarf Earth Elementalist began the quest
                  | for the Orb.
     0 | D:1      | Reached XP level 1. HP: 15/15 MP: 3/3
   243 | D:1      | Reached skill level 2 in Spellcasting
   274 | D:1      | You fall into a shaft and drop 1 floor!
   276 | D:2      | Reached XP level 2. HP: 22/22 MP: 0/5
   477 | D:2      | Reached XP level 3. HP: 28/28 MP: 3/6
   516 | D:2      | Reached skill level 5 in Earth Magic
   544 | D:2      | Noticed Jessica
   549 | D:2      | Killed Jessica
   590 | D:2      | Learned a level 2 spell: Passwall
   604 | D:2      | Found a faded altar of an unknown god.
   704 | D:2      | Reached XP level 4. HP: 34/36 MP: 6/8
   773 | D:3      | Reached skill level 3 in Spellcasting
   901 | D:3      | Found a shadowy altar of Dithmenos.
   949 | D:3      | Noticed an ogre
   950 | D:3      | Reached skill level 6 in Earth Magic
   967 | D:3      | Killed an ogre
   967 | D:3      | Reached skill level 7 in Earth Magic
   967 | D:3      | Reached XP level 5. HP: 33/42 MP: 0/9
  1299 | D:4      | Noticed an orc warrior
  1312 | D:4      | HP: 9/42 [orc warrior/+0 morningstar (7)]
  1316 | D:4      | Mangled by an orc warrior

Illustrated notes

Levels and vault maps discovered:
D:1:      saegor_arrival_miasma, layout_basic
D:2:      cheibrodos_old_hovel, layout_basic,
          chequers_ecumenical_altar_simple_redux, uniq_jessica
D:3:      kennysheep_big_flooded_room, layout_basic,
          nicolae_dithmenos_shadow_blocks, kennysheep_potato
D:4:      layout_rooms, kennysheep_mini_moat, minmay_overflow_temple_star_quad

Skill      XL: |  1  2  3  4 |
---------------+-------------+-----
Spellcasting   | 2 3 |  3.0
Earth Magic    | 5 7 |  7.9
Dodging        | |  2.1
Stealth        | |  2.4
Transmutations | |  0.8

Action                   |  1- 3 |  4- 6 || total
-------------------------+-------+-------++-------
Melee: Dagger            |    20 |     8 ||    28
 Cast: Sandblast         |    24 |    42 ||    66
       Passwall          |     4 |     2 ||     6
 Abil: Heal Wounds       |     1 |       ||     1
  Use: Potion            |       |     2 ||     2
 Stab: Sleeping          |     3 |     2 ||     5
Armor: Robe              |     2 |       ||     2
       Leather armour    |     2 |     3 ||     5
       Ring mail         |       |    10 ||    10
Dodge: Dodged            |    23 |    20 ||    43

Table legend: (Time is in decaauts)
 A = Elapsed time spent in this place.
 B = Non-inter-level travel time spent in this place.
 C = Inter-level travel time spent in this place.
 D = Time resting spent in this place.
 E = Time spent auto-exploring this place.
 F = Levels seen in this place.
 G = Mean time per level.
                   A        B        C        D        E       F      G
               +--------+--------+--------+--------+--------+-----+--------+
         Total |   1314 |   1314 |      0 |      0 |      0 |   4 |  328.5 |
       Dungeon |   1314 |   1314 |      0 |      0 |      0 |   4 |  328.5 |
               +--------+--------+--------+--------+--------+-----+--------+

Top non-repeatable levels by time:
     D:3: 534 daAuts
     D:2: 489 daAuts
     D:1: 273 daAuts
     D:4: 16 daAuts

Table legend:
 A = Kills in this place as a percentage of kills in entire the game.
 B = Kills by you in this place as a percentage of kills by you in the entire game.
 C = Kills by friends in this place as a percentage of kills by friends in the entire game.
 D = Other kills in this place as a percentage of other kills in the entire game.
 E = Experience gained in this place as a percentage of experience gained in the entire game.
 F = Experience gained in this place divided by the number of levels of this place that you have seen.
                   A       B       C       D       E      F
               +-------+-------+-------+-------+-------+----------------------
         Total | 100.0 | 100.0 |   N/A |   N/A | 100.0 |  91.0
       Dungeon | 100.0 | 100.0 |   N/A |   N/A | 100.0 |  91.0
               +-------+-------+-------+-------+-------+----------------------
